 Dungeon Crawl Stone Soup version 0.17.1-3-g152610e (webtiles) character file.

186 Gargoyl the Skirmisher (level 5, -1/46 HPs)
             Began as a Demonspawn Abyssal Knight on Mar 4, 2016.
             Was a Believer of Lugonu.
             Succumbed to kobold's curare-tipped needle
             ... on level 3 of the Dungeon.
             The game lasted 00:07:50 (3720 turns).

Gargoyl the Skirmisher (Demonspawn Abyssal Knight)  Turns: 3720, Time: 00:07:50

Health: -1/46      AC:  8    Str: 13    XL:     5   Next: 38%
Magic:  7/7        EV: 11    Int: 13    God:    Lugonu [**....]
Gold:   138        SH:  0    Dex: 13    Spells: 0 memorised, 4 levels left

rFire  + + .     SeeInvis .     b - +0 war axe
rCold  . . .     Clarity  +     k - +1 ring mail {rF+}
rNeg   . . .     SustAt   .     (no shield)
rPois  .         Gourm    .     (no helmet)
rElec  .         Spirit   .     (no cloak)
rCorr  .         Warding  .     (no gloves)
rMut   .         Stasis   .     (no boots)
MR     .....                    n - amulet of clarity (curse)
Stlth  +.........               (no ring)
                                p - ring of fire

@: lethally poisoned (-1 -> -34), about to teleport, slowed, very slow, not
resistant to hostile enchantments, very unstealthy
A: talons 1, yellow scales 1, cold resistance 1, robust 1, rot immunity
a: Depart the Abyss, Bend Space, Renounce Religion


You were on level 3 of the Dungeon.
You worshipped Lugonu.
Lugonu was pleased with you.
You were not hungry.

You visited 1 branch of the dungeon, and saw 3 of its levels.
You visited the Abyss 1 time.

You collected 138 gold pieces.

Inventory:

Hand Weapons
 b - a +0 war axe (weapon)
 g - a +1 flail of protection
Armour
 k - a +1 ring mail of fire resistance (worn)
Jewellery
 n - a cursed amulet of clarity (around neck)
 p - a ring of fire (left hand)
Scrolls
 a - a scroll of magic mapping {unknown}
 d - a scroll of remove curse {unknown}
 e - 2 scrolls of identify {unknown}
 f - a scroll of enchant weapon {unknown}
 h - a scroll of random uselessness {unknown}
 i - a scroll of amnesia {unknown}
 j - a scroll of fog {unknown}
 m - a scroll of teleportation
 o - a scroll of recharging {unknown}
Comestibles
 c - 2 bread rations


   Skills:
 + Level 4.0 Fighting
 + Level 2.8 Axes
 + Level 2.5 Armour
 + Level 2.4 Dodging
 + Level 3.3 Invocations


You had 4 spell levels left.
You didn't know any spells.

Dungeon Overview and Level Annotations

Branches:
Dungeon (3/15)

Altars:

Annotations:
D:3 shwouchk's ghost, amateur DsWz


Innate Abilities, Weirdness & Mutations

You have sharp toenails.
You are partially covered in yellow scales (AC +2).
Your flesh is cold resistant.
You are immune to rotting.
You are robust (+10% HP).


Message History

You feel strangely unstable.
It was a scroll of teleportation.
You feel very sick.
The crimson imp hits you but does no damage. x2
The kobold shoots a curare-tipped needle.
The curare-tipped needle hits you.
You are more poisoned.
You have difficulty breathing.
* * * LOW HITPOINT WARNING * * *
You feel as though you will be slow longer.
The crimson imp barely misses you.
The crimson imp hits you but does no damage.
* * * LOW HITPOINT WARNING * * *
You feel very sick.
The crimson imp grinds its teeth.
The crimson imp blinks!
The kobold unwields an uncursed blowgun.
The kobold wields an uncursed whip.
The kobold hits you with an uncursed whip.
* * * LOW HITPOINT WARNING * * *
You die...

. #### # ..# #.####
####.##.## . #...K.5.(#
. ....##@##§## .( . .
#.##.# #... #.##.# #...
####.## #... #.....#
#...
♣♣#####..#########...
♣♣.#........##...)....
♣♣.♣..............)....
♣......##...###..†.....


You could see a crimson imp and a kobold.

Vanquished Creatures
  2 orc priests (D:3)
  An orc wizard (D:2)
  3 adders (D:2)
  3 worms
  12 orcs
  A ball python (D:2)
  7 bats
  3 goblins (D:2)
  A hobgoblin (D:1)
  10 jackals
  A giant cockroach (D:1)
  3 giant newts
  6 kobolds
  7 rats
60 creatures vanquished.

Notes
Turn   | Place    | Note
--------------------------------------------------------------
     0 | Abyss:1  | Gargoyl the Demonspawn Abyssal Knight began the quest for the Orb.
     0 | Abyss:1  | Reached XP level 1. HP: 18/18 MP: 2/2
    88 | Abyss:1  | Noticed an orange demon
    90 | D:1      | Escaped the Abyss
   386 | D:1      | Reached * piety under Lugonu
   453 | D:1      | Gained mutation: You are immune to rotting. [demonic ancestry]
   453 | D:1      | Reached XP level 2. HP: 24/24 MP: 4/4
   475 | D:1      | Reached skill level 1 in Dodging
  1261 | D:2      | Gained mutation: You are partially covered in yellow scales (AC +2). [demonic ancestry]
  1261 | D:2      | Reached XP level 3. HP: 25/29 MP: 5/5
  2288 | D:3      | Reached ** piety under Lugonu
  2304 | D:3      | Gained mutation: Your flesh is cold resistant. [demonic ancestry]
  2304 | D:3      | Reached XP level 4. HP: 35/37 MP: 6/6
  2707 | D:2      | Gained mutation: You are robust (+10% HP). [potion of beneficial mutation]
  2708 | D:2      | Reached skill level 4 in Fighting
  2936 | D:3      | Gained mutation: You have sharp toenails. [demonic ancestry]
  2936 | D:3      | Reached XP level 5. HP: 46/46 MP: 7/7
  3233 | D:3      | Noticed shwouchk's ghost (amateur DsWz)
  3720 | D:3      | Succumbed to kobold's curare-tipped needle

Action                   |  1- 3 |  4- 6 || total
-------------------------+-------+-------++-------
Melee: Hand axe          |   175 |    52 ||   227
       War axe           |       |    59 ||    59
Invok: Depart the Abyss  |     1 |       ||     1
  Use: Potion            |     5 |     4 ||     9
       Scroll            |       |     1 ||     1
  Eat: Fruit             |     2 |       ||     2
       Chunk             |     3 |     5 ||     8
